[ AOE2 MATCH · #480716309 ]
UnrankedPersians vs Bohemians
[ REPLAY ANALYSIS · EXTRACTED FROM THE RECORDED GAME ]
Feudal
12:22
Castle
20:33
Imperial
36:18
| APM avg | 25.7 |
| APM peak | 85 |
| eAPM avg | 18.5 |
| Villagers / military | 131 / 469 |
Focus
⚔️ 57.5% · 🌾 42.5%
Spearman ×320 · Knight ×133 · Trebuchet (Packed) ×16 · Trade Cart ×7
Feudal
12:35
Castle
16:40
Imperial
35:15
| APM avg | 48.8 |
| APM peak | 108 |
| eAPM avg | 25.0 |
| Villagers / military | 127 / 486 |
Focus
⚔️ 38.9% · 🌾 61.1%
Spearman ×175 · Hand Cannoneer ×126 · Skirmisher ×125 · Bombard Cannon ×47 · Trade Cart ×20 · Monk ×9
Feudal
10:38
Castle
14:25
Imperial
34:15
| APM avg | 55.6 |
| APM peak | 102 |
| eAPM avg | 22.4 |
| Villagers / military | 149 / 503 |
Focus
⚔️ 33.4% · 🌾 66.6%
Spearman ×182 · Archer ×171 · Skirmisher ×68 · Shotel Warrior ×41 · Bombard Cannon ×37 · Trade Cart ×15
Feudal
10:09
Castle
17:56
Imperial
35:42
| APM avg | 32.5 |
| APM peak | 57 |
| eAPM avg | 17.9 |
| Villagers / military | 115 / 457 |
Focus
⚔️ 37.6% · 🌾 62.4%
Scout Cavalry ×290 · Mangudai ×68 · Camel Scout ×39 · Battering Ram ×31 · Trade Cart ×25 · Mangonel ×17
Match map
Initial resources + every placement click. Lines = walls · curves = elevation contours. ◆ gold · ⬟ stone · ● berries · ✦ relic · ◌ wall gap
Your base· ✓ Closed at 20:33 · 48t walls · 1 gate(s)
GLD_PLZ's base· Open — opponent sealed themselves in
jj89's base· ✓ Closed at 14:25 · 0t walls · no gate
WellAdjustedCop's base· Open — opponent sealed themselves in
Smoothed initial terrain · ◌ = detected wall gap · hover for details
Inputs per minute
— ich putz hier nur - - GLD_PLZ
Build order — ich putz hier nur
First 150 of 815 actions detected
| 0:01 | Create | Villager (Male) |
| 0:01 | Create | Villager (Male) |
| 0:01 | Create | Villager (Male) |
| 0:02 | Create | Villager (Male) |
| 0:05 | Build | House |
| 0:06 | Build | House |
| 0:12 | Create | Villager (Male) |
| 0:15 | Research | Loom |
| 0:33 | Create | Villager (Male) |
| 0:34 | Create | Villager (Male) |
| 0:34 | Create | Villager (Male) |
| 2:11 | Create | Villager (Male) |
| 2:22 | Build | Palisade Wall |
| 2:39 | Build | Palisade Wall |
| 2:51 | Build | Palisade Wall |
| 2:57 | Create | Villager (Male) |
| 2:57 | Create | Villager (Male) |
| 3:17 | Create | Villager (Male) |
| 3:38 | Create | Villager (Male) |
| 3:52 | Build | House |
| 3:52 | Build | House |
| 4:21 | Create | Villager (Male) |
| 4:21 | Create | Villager (Male) |
| 4:21 | Create | Villager (Male) |
| 4:39 | Build | Palisade Wall |
| 4:54 | Create | Villager (Male) |
| 5:01 | Create | Villager (Male) |
| 5:41 | Build | Lumber Camp |
| 5:57 | Create | Villager (Male) |
| 5:57 | Create | Villager (Male) |
| 6:25 | Create | Villager (Male) |
| 6:25 | Create | Villager (Male) |
| 6:26 | Create | Villager (Male) |
| 6:48 | Create | Villager (Male) |
| 7:03 | Create | Villager (Male) |
| 7:03 | Create | Villager (Male) |
| 7:04 | Create | Villager (Male) |
| 8:20 | Build | Mill |
| 8:48 | Create | Villager (Male) |
| 9:15 | Create | Villager (Male) |
| 9:29 | Create | Villager (Male) |
| 9:44 | Build | House |
| 10:01 | Build | House |
| 10:02 | Build | House |
| 10:18 | Research | Feudal Age |
| 10:27 | Build | Mining Camp |
| 10:34 | Build | House |
| 11:21 | Build | House |
| 11:41 | Create | Villager (Male) |
| 11:41 | Create | Villager (Male) |
| 11:41 | Create | Villager (Male) |
| 12:11 | Build | Barracks |
| 12:22 | Age | Feudal Age |
| 12:23 | Research | Double-Bit Axe |
| 12:37 | Create | Villager (Male) |
| 12:38 | Create | Villager (Male) |
| 12:51 | Build | Farm |
| 12:57 | Build | Farm |
| 13:04 | Build | Farm |
| 13:25 | Build | Farm |
| 13:35 | Create | Spearman |
| 13:35 | Create | Spearman |
| 14:00 | Build | Farm |
| 14:01 | Create | Villager (Male) |
| 14:01 | Create | Villager (Male) |
| 14:24 | Build | Farm |
| 14:40 | Build | Stone Wall |
| 14:46 | Build | Gate |
| 14:48 | Create | Villager (Male) |
| 14:48 | Create | Villager (Male) |
| 14:54 | Build | Stable |
| 15:03 | Build | Farm |
| 15:04 | Build | Farm |
| 15:07 | Build | Farm |
| 15:15 | Build | Farm |
| 15:56 | Create | Villager (Male) |
| 15:56 | Create | Villager (Male) |
| 15:56 | Create | Villager (Male) |
| 16:00 | Build | Farm |
| 16:09 | Build | Blacksmith |
| 16:18 | Build | Farm |
| 16:45 | Build | Farm |
| 16:51 | Build | Farm |
| 17:10 | Build | House |
| 17:11 | Build | House |
| 17:14 | Create | Villager (Male) |
| 17:15 | Create | Villager (Male) |
| 17:25 | Build | Farm |
| 17:50 | Build | Farm |
| 17:54 | Build | Farm |
| 18:07 | Research | Castle Age |
| 18:38 | Research | Horse Collar |
| 18:40 | Research | Stone Mining |
| 18:44 | Research | Gold Mining |
| 18:59 | Build | Mining Camp |
| 19:39 | Create | Spearman |
| 19:41 | Create | Spearman |
| 19:44 | Research | Stone Mining |
| 20:05 | Build | Mining Camp |
| 20:33 | Age | Castle Age |
| 20:37 | Build | Gate |
| 20:49 | Create | Villager (Male) |
| 20:50 | Create | Villager (Male) |
| 20:50 | Create | Villager (Male) |
| 20:51 | Create | Villager (Male) |
| 20:51 | Create | Villager (Male) |
| 21:44 | Build | Town Center |
| 21:46 | Create | Villager (Male) |
| 21:50 | Research | Bow Saw |
| 22:16 | Create | Knight |
| 22:16 | Create | Knight |
| 22:16 | Create | Knight |
| 22:17 | Create | Knight |
| 22:17 | Create | Knight |
| 22:17 | Create | Knight |
| 22:18 | Create | Knight |
| 22:33 | Create | Villager (Male) |
| 22:33 | Create | Villager (Male) |
| 22:42 | Build | House |
| 22:43 | Build | House |
| 22:57 | Create | Knight |
| 23:07 | Build | Stone Wall |
| 23:09 | Create | Villager (Male) |
| 23:10 | Create | Villager (Male) |
| 23:17 | Build | House |
| 23:18 | Build | House |
| 23:19 | Build | House |
| 23:24 | Create | Villager (Male) |
| 23:25 | Create | Villager (Male) |
| 23:25 | Create | Villager (Male) |
| 23:25 | Create | Villager (Male) |
| 23:33 | Build | Farm |
| 23:34 | Build | Farm |
| 23:39 | Create | Villager (Male) |
| 23:44 | Create | Knight |
| 23:58 | Build | Stone Wall |
| 24:04 | Create | Knight |
| 24:13 | Build | Stable |
| 24:17 | Create | Villager (Male) |
| 24:17 | Create | Villager (Male) |
| 24:20 | Create | Villager (Male) |
| 24:20 | Create | Villager (Male) |
| 24:21 | Create | Villager (Male) |
| 24:35 | Create | Villager (Male) |
| 24:37 | Create | Villager (Male) |
| 24:37 | Create | Villager (Male) |
| 24:45 | Build | Farm |
| 24:51 | Build | Farm |
| 25:14 | Research | Bloodlines |
| 25:47 | Create | Knight |
Build order — GLD_PLZ
First 150 of 555 actions detected
| 0:01 | Create | Villager (Male) |
| 0:01 | Create | Villager (Male) |
| 0:01 | Create | Villager (Male) |
| 0:02 | Build | House |
| 0:04 | Build | House |
| 0:44 | Create | Villager (Male) |
| 0:44 | Create | Villager (Male) |
| 1:33 | Create | Villager (Male) |
| 1:34 | Create | Villager (Male) |
| 1:56 | Create | Villager (Male) |
| 1:56 | Create | Villager (Male) |
| 2:36 | Create | Villager (Male) |
| 2:36 | Create | Villager (Male) |
| 2:36 | Create | Villager (Male) |
| 3:19 | Create | Villager (Male) |
| 3:19 | Create | Villager (Male) |
| 3:48 | Create | Villager (Male) |
| 3:49 | Create | Villager (Male) |
| 4:26 | Create | Villager (Male) |
| 4:26 | Create | Villager (Male) |
| 4:27 | Create | Villager (Male) |
| 4:27 | Create | Villager (Male) |
| 4:27 | Create | Villager (Male) |
| 4:31 | Research | Loom |
| 4:40 | Build | House |
| 5:03 | Create | Villager (Male) |
| 5:03 | Create | Villager (Male) |
| 5:04 | Create | Villager (Male) |
| 5:04 | Create | Villager (Male) |
| 5:04 | Create | Villager (Male) |
| 7:24 | Create | Villager (Male) |
| 7:24 | Create | Villager (Male) |
| 7:26 | Build | House |
| 8:09 | Create | Villager (Male) |
| 8:11 | Create | Villager (Male) |
| 8:14 | Create | Villager (Male) |
| 8:19 | Build | House |
| 8:35 | Build | Mill |
| 9:35 | Create | Villager (Male) |
| 9:36 | Create | Villager (Male) |
| 9:58 | Build | Lumber Camp |
| 10:06 | Build | Mining Camp |
| 10:25 | Research | Feudal Age |
| 10:53 | Build | Farm |
| 10:58 | Build | Farm |
| 11:00 | Build | Farm |
| 12:18 | Build | House |
| 12:23 | Create | Villager (Male) |
| 12:24 | Create | Villager (Male) |
| 12:35 | Age | Feudal Age |
| 12:47 | Build | Market |
| 12:50 | Research | Double-Bit Axe |
| 12:52 | Research | Horse Collar |
| 13:07 | Build | Blacksmith |
| 13:15 | Create | Villager (Male) |
| 13:29 | Build | Farm |
| 13:58 | Build | Farm |
| 14:00 | Research | Castle Age |
| 14:29 | Build | Mining Camp |
| 16:38 | Research | Wheelbarrow |
| 16:40 | Age | Castle Age |
| 16:41 | Create | Villager (Male) |
| 16:45 | Build | Town Center |
| 17:26 | Build | Castle |
| 18:09 | Research | Fletching |
| 18:19 | Build | Siege Workshop |
| 18:23 | Create | Villager (Male) |
| 18:24 | Create | Villager (Male) |
| 18:26 | Build | Farm |
| 18:28 | Build | Farm |
| 18:30 | Build | Farm |
| 18:39 | Build | University |
| 18:42 | Build | Farm |
| 18:44 | Create | Villager (Male) |
| 19:23 | Build | Lumber Camp |
| 19:28 | Create | Villager (Male) |
| 19:28 | Create | Villager (Male) |
| 19:29 | Create | Villager (Male) |
| 20:09 | Create | Mangonel |
| 20:13 | Create | Villager (Male) |
| 20:13 | Create | Villager (Male) |
| 20:25 | Build | Farm |
| 20:31 | Build | Farm |
| 20:33 | Create | Villager (Male) |
| 20:38 | Build | Farm |
| 21:27 | Create | Mangonel |
| 21:27 | Create | Mangonel |
| 21:52 | Build | Farm |
| 21:54 | Research | Hand Cart |
| 21:57 | Build | Farm |
| 22:58 | Create | Mangonel |
| 23:01 | Create | Villager (Male) |
| 23:01 | Create | Villager (Male) |
| 23:01 | Create | Villager (Male) |
| 23:02 | Create | Villager (Male) |
| 23:11 | Build | Farm |
| 23:12 | Build | Farm |
| 23:13 | Build | Farm |
| 23:14 | Build | Farm |
| 23:28 | Create | Villager (Male) |
| 23:28 | Create | Villager (Male) |
| 23:35 | Build | Farm |
| 23:52 | Research | Bow Saw |
| 23:52 | Research | Bow Saw |
| 24:08 | Build | Mill |
| 24:13 | Build | Barracks |
| 24:15 | Create | Villager (Male) |
| 24:39 | Create | Villager (Male) |
| 24:39 | Create | Villager (Male) |
| 24:40 | Create | Villager (Male) |
| 24:40 | Create | Villager (Male) |
| 24:40 | Create | Villager (Male) |
| 25:08 | Build | Archery Range |
| 25:09 | Build | Archery Range |
| 25:11 | Create | Villager (Male) |
| 25:11 | Create | Villager (Male) |
| 25:20 | Create | Villager (Male) |
| 25:20 | Create | Villager (Male) |
| 25:52 | Create | Villager (Male) |
| 25:52 | Create | Villager (Male) |
| 25:59 | Build | Town Center |
| 26:14 | Build | Town Center |
| 26:29 | Create | Villager (Male) |
| 26:29 | Create | Villager (Male) |
| 26:34 | Create | Skirmisher |
| 26:34 | Create | Skirmisher |
| 26:34 | Create | Skirmisher |
| 26:35 | Create | Skirmisher |
| 26:40 | Research | Pikeman (upgrade) |
| 26:41 | Create | Spearman |
| 26:41 | Create | Spearman |
| 26:51 | Build | Archery Range |
| 27:03 | Build | House |
| 27:03 | Build | House |
| 27:04 | Build | House |
| 27:09 | Build | Farm |
| 27:10 | Build | Farm |
| 27:19 | Build | Farm |
| 27:21 | Create | Villager (Male) |
| 27:21 | Create | Villager (Male) |
| 27:22 | Create | Villager (Male) |
| 27:22 | Create | Villager (Male) |
| 27:22 | Create | Villager (Male) |
| 27:39 | Create | Skirmisher |
| 27:40 | Create | Skirmisher |
| 27:40 | Create | Skirmisher |
| 27:40 | Create | Skirmisher |
| 27:45 | Build | Barracks |
| 28:05 | Research | Padded Archer Armor |
| 28:09 | Build | Farm |
Build order — jj89
First 150 of 575 actions detected
| 0:01 | Create | Villager (Male) |
| 0:01 | Create | Villager (Male) |
| 0:02 | Create | Villager (Male) |
| 0:03 | Build | House |
| 0:05 | Build | House |
| 0:12 | Create | Villager (Male) |
| 1:29 | Create | Villager (Male) |
| 2:05 | Build | Lumber Camp |
| 2:07 | Create | Villager (Male) |
| 2:24 | Create | Villager (Male) |
| 2:52 | Create | Villager (Male) |
| 3:15 | Create | Villager (Male) |
| 3:15 | Create | Villager (Male) |
| 3:26 | Build | House |
| 3:27 | Build | House |
| 3:45 | Create | Villager (Male) |
| 4:02 | Create | Villager (Male) |
| 4:37 | Create | Villager (Male) |
| 5:08 | Create | Villager (Male) |
| 5:08 | Create | Villager (Male) |
| 5:38 | Create | Villager (Male) |
| 5:39 | Create | Villager (Male) |
| 5:41 | Create | Villager (Male) |
| 5:45 | Build | Mill |
| 5:47 | Create | Villager (Male) |
| 7:32 | Build | House |
| 7:34 | Create | Villager (Male) |
| 7:37 | Create | Villager (Male) |
| 7:37 | Create | Villager (Male) |
| 8:18 | Research | Feudal Age |
| 8:22 | Create | Villager (Male) |
| 8:27 | Build | Mining Camp |
| 8:42 | Create | Villager (Male) |
| 10:13 | Create | Villager (Male) |
| 10:23 | Research | Loom |
| 10:38 | Age | Feudal Age |
| 10:41 | Build | Blacksmith |
| 10:47 | Build | Market |
| 10:55 | Build | Market |
| 10:59 | Create | Villager (Male) |
| 11:16 | Create | Villager (Male) |
| 11:22 | Research | Double-Bit Axe |
| 11:45 | Research | Castle Age |
| 11:52 | Create | Villager (Male) |
| 12:22 | Research | Horse Collar |
| 12:45 | Build | House |
| 12:53 | Build | Farm |
| 13:04 | Build | Barracks |
| 13:16 | Create | Villager (Male) |
| 13:24 | Create | Villager (Male) |
| 13:38 | Build | Farm |
| 14:25 | Age | Castle Age |
| 14:27 | Build | Farm |
| 14:37 | Build | Archery Range |
| 14:41 | Research | Fletching |
| 14:59 | Build | Farm |
| 15:22 | Create | Archer |
| 15:22 | Create | Archer |
| 15:29 | Build | Archery Range |
| 15:50 | Research | Crossbowman (upgrade) |
| 15:50 | Create | Archer |
| 15:50 | Create | Archer |
| 15:59 | Build | Farm |
| 16:06 | Create | Archer |
| 16:06 | Create | Archer |
| 16:30 | Build | Mining Camp |
| 16:34 | Create | Archer |
| 16:43 | Research | Bodkin Arrow |
| 16:43 | Research | Bodkin Arrow |
| 16:48 | Build | House |
| 16:54 | Create | Spearman |
| 16:54 | Create | Spearman |
| 17:03 | Create | Archer |
| 17:20 | Create | Villager (Male) |
| 17:25 | Build | House |
| 17:27 | Build | House |
| 17:29 | Create | Villager (Male) |
| 17:32 | Create | Archer |
| 17:50 | Build | Farm |
| 17:58 | Create | Archer |
| 18:25 | Build | University |
| 18:29 | Create | Villager (Male) |
| 18:36 | Create | Spearman |
| 18:55 | Create | Villager (Male) |
| 19:08 | Create | Villager (Male) |
| 19:37 | Build | Farm |
| 19:54 | Create | Villager (Male) |
| 19:54 | Create | Villager (Male) |
| 19:54 | Create | Villager (Male) |
| 20:12 | Build | Town Center |
| 20:15 | Create | Villager (Male) |
| 20:43 | Build | Gate |
| 20:52 | Build | House |
| 21:08 | Build | Stone Wall |
| 21:14 | Build | Stone Wall |
| 21:27 | Build | Monastery |
| 21:50 | Create | Villager (Male) |
| 21:50 | Create | Villager (Male) |
| 21:56 | Create | Villager (Male) |
| 21:57 | Create | Villager (Male) |
| 21:59 | Build | Farm |
| 21:59 | Build | Farm |
| 21:59 | Build | Farm |
| 21:59 | Build | Farm |
| 22:00 | Build | Farm |
| 22:00 | Build | Farm |
| 22:00 | Build | Farm |
| 22:02 | Create | Villager (Male) |
| 22:03 | Create | Villager (Male) |
| 22:05 | Create | Villager (Male) |
| 22:21 | Build | Stone Wall |
| 22:25 | Create | Monk |
| 22:31 | Create | Archer |
| 22:31 | Create | Archer |
| 22:31 | Create | Archer |
| 22:32 | Create | Archer |
| 22:36 | Create | Villager (Male) |
| 22:55 | Create | Villager (Male) |
| 22:55 | Create | Villager (Male) |
| 23:12 | Build | House |
| 23:22 | Build | Siege Workshop |
| 23:41 | Build | House |
| 23:42 | Build | House |
| 23:51 | Create | Villager (Male) |
| 23:56 | Research | Ballistics |
| 23:56 | Research | Ballistics |
| 23:59 | Create | Villager (Male) |
| 23:59 | Create | Villager (Male) |
| 24:13 | Create | Villager (Male) |
| 24:18 | Create | Mangonel |
| 24:29 | Create | Spearman |
| 24:30 | Create | Spearman |
| 24:38 | Build | House |
| 24:39 | Build | House |
| 24:41 | Build | House |
| 24:46 | Research | Town Watch |
| 24:49 | Create | Villager (Male) |
| 24:49 | Create | Villager (Male) |
| 25:17 | Create | Mangonel |
| 25:18 | Create | Villager (Male) |
| 25:30 | Build | Mining Camp |
| 25:53 | Create | Villager (Male) |
| 25:58 | Create | Villager (Male) |
| 25:58 | Create | Villager (Male) |
| 26:05 | Build | Town Center |
| 26:09 | Build | Mining Camp |
| 26:12 | Create | Villager (Male) |
| 26:18 | Create | Villager (Male) |
| 26:23 | Build | Farm |
| 26:55 | Create | Monk |
Build order — WellAdjustedCop
First 150 of 561 actions detected
| 0:03 | Build | House |
| 0:05 | Build | House |
| 0:07 | Create | Villager (Male) |
| 0:07 | Create | Villager (Male) |
| 0:59 | Create | Villager (Male) |
| 1:00 | Create | Villager (Male) |
| 1:36 | Create | Villager (Male) |
| 1:36 | Create | Villager (Male) |
| 2:13 | Research | Loom |
| 2:30 | Create | Villager (Male) |
| 2:30 | Create | Villager (Male) |
| 2:47 | Build | House |
| 2:52 | Build | House |
| 3:48 | Create | Villager (Male) |
| 3:49 | Create | Villager (Male) |
| 3:55 | Create | Villager (Male) |
| 3:55 | Create | Villager (Male) |
| 4:40 | Build | Lumber Camp |
| 4:46 | Create | Villager (Male) |
| 4:46 | Create | Villager (Male) |
| 4:59 | Build | House |
| 5:03 | Create | Villager (Male) |
| 5:03 | Create | Villager (Male) |
| 5:14 | Create | Villager (Male) |
| 6:21 | Create | Villager (Male) |
| 6:21 | Create | Villager (Male) |
| 6:41 | Build | Mill |
| 7:17 | Create | Villager (Male) |
| 7:31 | Research | Feudal Age |
| 8:19 | Create | Villager (Male) |
| 8:31 | Build | Mining Camp |
| 9:36 | Build | House |
| 9:40 | Build | House |
| 9:43 | Build | House |
| 9:47 | Create | Villager (Male) |
| 10:09 | Age | Feudal Age |
| 10:11 | Create | Villager (Male) |
| 10:12 | Create | Villager (Male) |
| 10:20 | Build | Market |
| 10:29 | Research | Double-Bit Axe |
| 10:31 | Build | Farm |
| 10:34 | Build | Farm |
| 10:37 | Build | Farm |
| 10:43 | Build | Farm |
| 10:44 | Create | Villager (Male) |
| 11:23 | Build | Farm |
| 11:24 | Build | Farm |
| 11:50 | Create | Villager (Male) |
| 11:55 | Build | Farm |
| 12:25 | Create | Villager (Male) |
| 12:34 | Build | Farm |
| 12:35 | Create | Villager (Male) |
| 12:53 | Build | Farm |
| 13:05 | Build | Barracks |
| 13:07 | Build | House |
| 13:09 | Build | House |
| 13:16 | Build | Farm |
| 13:20 | Build | Farm |
| 13:31 | Create | Villager (Male) |
| 13:31 | Create | Villager (Male) |
| 14:12 | Build | Farm |
| 14:44 | Build | Blacksmith |
| 15:16 | Research | Castle Age |
| 15:53 | Build | Mining Camp |
| 15:57 | Build | Farm |
| 16:00 | Research | Horse Collar |
| 16:04 | Create | Villager (Male) |
| 16:05 | Create | Villager (Male) |
| 16:12 | Create | Villager (Male) |
| 16:22 | Research | Gold Mining |
| 16:24 | Create | Villager (Male) |
| 16:35 | Create | Villager (Male) |
| 17:04 | Build | House |
| 17:06 | Create | Villager (Male) |
| 17:20 | Create | Villager (Male) |
| 17:46 | Create | Villager (Male) |
| 17:56 | Age | Castle Age |
| 17:57 | Research | Bow Saw |
| 18:05 | Build | Town Center |
| 18:15 | Create | Villager (Male) |
| 18:15 | Create | Villager (Male) |
| 19:02 | Build | House |
| 19:17 | Create | Villager (Male) |
| 19:17 | Create | Villager (Male) |
| 19:27 | Create | Villager (Male) |
| 19:30 | Research | Town Watch |
| 19:31 | Research | Wheelbarrow |
| 19:32 | Create | Villager (Male) |
| 19:32 | Create | Villager (Male) |
| 19:39 | Create | Villager (Male) |
| 19:50 | Build | House |
| 19:53 | Create | Villager (Male) |
| 20:03 | Create | Villager (Male) |
| 20:03 | Create | Villager (Male) |
| 20:36 | Build | Lumber Camp |
| 20:40 | Create | Villager (Male) |
| 20:41 | Create | Villager (Male) |
| 20:43 | Build | Farm |
| 21:04 | Build | Farm |
| 21:07 | Create | Villager (Male) |
| 21:07 | Create | Villager (Male) |
| 21:13 | Build | Farm |
| 21:29 | Build | Lumber Camp |
| 21:35 | Build | Farm |
| 21:49 | Create | Villager (Male) |
| 21:55 | Build | Farm |
| 21:59 | Build | Farm |
| 22:01 | Create | Villager (Male) |
| 22:01 | Create | Villager (Male) |
| 22:12 | Create | Villager (Male) |
| 22:47 | Build | Town Center |
| 22:58 | Create | Villager (Male) |
| 22:58 | Create | Villager (Male) |
| 23:05 | Build | Farm |
| 23:08 | Build | Farm |
| 23:08 | Build | Farm |
| 23:09 | Build | Farm |
| 23:27 | Build | Siege Workshop |
| 23:33 | Create | Villager (Male) |
| 23:34 | Create | Villager (Male) |
| 23:34 | Create | Villager (Male) |
| 23:36 | Create | Villager (Male) |
| 23:36 | Create | Villager (Male) |
| 23:41 | Build | House |
| 23:43 | Build | House |
| 23:44 | Build | House |
| 23:51 | Create | Villager (Male) |
| 23:51 | Create | Villager (Male) |
| 24:11 | Create | Mangonel |
| 24:17 | Research | Town Patrol |
| 24:18 | Create | Villager (Male) |
| 24:19 | Create | Villager (Male) |
| 24:26 | Create | Villager (Male) |
| 24:26 | Create | Villager (Male) |
| 24:35 | Build | Farm |
| 24:36 | Build | Farm |
| 24:37 | Build | Farm |
| 24:38 | Build | Farm |
| 25:12 | Build | Farm |
| 25:17 | Research | Heavy Plow |
| 25:28 | Create | Villager (Male) |
| 25:28 | Create | Villager (Male) |
| 25:32 | Build | Stable |
| 25:37 | Create | Villager (Male) |
| 25:37 | Create | Villager (Male) |
| 25:39 | Create | Villager (Male) |
| 25:39 | Create | Villager (Male) |
| 25:57 | Build | Farm |
| 25:58 | Build | Farm |
| 26:03 | Build | Farm |
Match timeline
| 2:22 | ich putz hier nur · wall_segment Palisade Wall x11 |
| 2:39 | ich putz hier nur · wall_segment Palisade Wall x5 |
| 2:51 | ich putz hier nur · wall_segment Palisade Wall x3 |
| 4:39 | ich putz hier nur · wall_segment Palisade Wall x12 |
| 10:09 | WellAdjustedCop · age_up feudal |
| 10:38 | jj89 · age_up feudal |
| 12:11 | ich putz hier nur · first_building Barracks |
| 12:22 | ich putz hier nur · age_up feudal |
| 12:35 | GLD_PLZ · age_up feudal |
| 13:04 | jj89 · first_building Barracks |
| 13:05 | WellAdjustedCop · first_building Barracks |
| 14:25 | jj89 · age_up castle |
| 14:37 | jj89 · first_building Archery Range |
| 14:40 | ich putz hier nur · wall_segment Stone Wall x19 |
| 14:54 | ich putz hier nur · first_building Stable |
| 15:25 | jj89 · first_market_sell 100 stone |
| 15:26 | jj89 · first_market_buy 100 wood |
| 16:40 | GLD_PLZ · age_up castle |
| 16:54 | GLD_PLZ · first_market_buy 100 stone |
| 17:20 | GLD_PLZ · first_market_sell 100 food |
| 17:26 | GLD_PLZ · first_building Castle |
| 17:56 | WellAdjustedCop · age_up castle |
| 18:19 | GLD_PLZ · first_building Siege Workshop |
| 20:33 | ich putz hier nur · age_up castle |
| 20:54 | WellAdjustedCop · first_market_buy 100 wood |
| 21:08 | jj89 · wall_segment Stone Wall x1 |
| 21:14 | jj89 · wall_segment Stone Wall x1 |
| 21:27 | jj89 · first_building Monastery |
| 22:21 | jj89 · wall_segment Stone Wall x4 |
| 23:07 | ich putz hier nur · wall_segment Stone Wall x11 |
| 23:22 | jj89 · first_building Siege Workshop |
| 23:27 | WellAdjustedCop · first_building Siege Workshop |
| 23:58 | ich putz hier nur · wall_segment Stone Wall x4 |
| 24:13 | GLD_PLZ · first_building Barracks |
| 25:08 | GLD_PLZ · first_building Archery Range |
| 25:32 | WellAdjustedCop · first_building Stable |
| 26:02 | ich putz hier nur · wall_segment Stone Wall x6 |
| 27:18 | jj89 · wall_segment Stone Wall x10 |
| 27:30 | jj89 · wall_segment Stone Wall x10 |
| 28:53 | WellAdjustedCop · first_building Archery Range |
| 29:44 | WellAdjustedCop · first_building Castle |
| 30:29 | jj89 · wall_segment Stone Wall x7 |
| 32:47 | ich putz hier nur · first_building Monastery |
| 33:27 | ich putz hier nur · first_building Castle |
| 33:39 | jj89 · first_building Castle |
| 34:15 | jj89 · age_up imperial |
| 35:15 | GLD_PLZ · age_up imperial |
| 35:42 | WellAdjustedCop · age_up imperial |
| 36:14 | ich putz hier nur · first_building Archery Range |
| 36:18 | ich putz hier nur · age_up imperial |
| 36:38 | WellAdjustedCop · first_market_sell 100 stone |
| 41:48 | ich putz hier nur · first_building Siege Workshop |
| 44:32 | GLD_PLZ · first_building Monastery |
| 50:06 | GLD_PLZ · tribute_sent a jugador 1 |
| 50:06 | GLD_PLZ · tribute_sent a jugador 3 |
| 50:06 | GLD_PLZ · tribute_sent a jugador 4 |
| 50:09 | WellAdjustedCop · tribute_sent a jugador 1 |
| 50:09 | WellAdjustedCop · tribute_sent a jugador 2 |
| 50:09 | WellAdjustedCop · tribute_sent a jugador 3 |
| 55:03 | WellAdjustedCop · tribute_sent a jugador 1 |
| 55:03 | WellAdjustedCop · tribute_sent a jugador 2 |
| 55:03 | WellAdjustedCop · tribute_sent a jugador 3 |
| 55:17 | jj89 · tribute_sent a jugador 1 |
| 55:17 | jj89 · tribute_sent a jugador 2 |
| 55:17 | jj89 · tribute_sent a jugador 4 |
| 65:15 | WellAdjustedCop · resign |
[ AI ANALYSIS · 1 CREDIT ]
What really happened in this match?
Wolo.gg analyzes every decision: build order, eco, micro, common mistakes by bracket. Personalized analysis on WhatsApp or Discord in 30 seconds.
Civ guide
Persians
Perfil
Jugador #381857